HBL
DANVILLE DAIRY DADDIES @ JACKSONVILLE SUNS
07/03/1997
 
TOP OF THE 1ST
Danville Dairy Daddies batting - Pitching for Jacksonville Suns : RHP Ryan Bowen
Pitching: RHP Ryan Bowen
Batting: SHB Joey Cora 0-0: Called Strike
0-1: Fly out, F7 (Flyball, 7, EV 83.1 MPH)
Batting: LHB Midre Cummings 0-0: Foul Ball, location: 2F
0-1: Foul Ball, location: 2F
0-2: Ball
1-2: Foul Ball, location: 2F
1-2: Foul Ball, location: 2F
1-2: Strikes out swinging, 2-3 out at first.
Batting: RHB Danny Tartabull 0-0: Ball
1-0: Ball
2-0: Ball
3-0: Swinging Strike
3-1: Base on Balls
Batting: RHB Mike Blowers 0-0: Ball
1-0: Foul Ball, location: 2F
1-1: Called Strike
1-2: Ball
2-2: Ball
3-2: Foul Ball, location: 2F
3-2: SINGLE (Groundball, 6MD, EV 106.9 MPH)
Danny Tartabull to second
Danny Tartabull to third
Batting: LHB Brant Brown 0-0: Called Strike
0-1: Foul Ball, location: 2F
0-2: Ball
1-2: Ball
2-2: Ground out 6-3 (Groundball, 6D, EV 95.6 MPH)
Top of the 1st over - 0 runs, 1 hit, 0 errors, 2 left on base; Danville 0 - Jacksonville 0
BOTTOM OF THE 1ST
Jacksonville Suns batting - Pitching for Danville Dairy Daddies : RHP Cal Eldred
Pitching: RHP Cal Eldred
Batting: RHB Damon Buford 0-0: Called Strike
0-1: Ball
1-1: Foul Ball, location: 2F
1-2: Strikes out swinging
Batting: RHB Chris Gomez 0-0: Called Strike
0-1: Ball
1-1: Ball
2-1: SINGLE (Line Drive, 9LS, EV 104.4 MPH)
Batting: LHB Sean Casey 0-0: Ball
1-0: Called Strike
1-1: Ball
2-1: Foul Ball, location: 2F
2-2: Strikes out swinging
Batting: RHB Ozzie Timmons 0-0: Called Strike
0-1: Fly out, F4 (Popup, 4M, EV 59.4 MPH)
Bottom of the 1st over - 0 runs, 1 hit, 0 errors, 1 left on base; Danville 0 - Jacksonville 0
TOP OF THE 2ND
Danville Dairy Daddies batting - Pitching for Jacksonville Suns : RHP Ryan Bowen
Batting: RHB Mike Stanley 0-0: Ball
1-0: Foul Ball, location: 2F
1-1: Ball
2-1: Fly out, F9 (Flyball, 9LS, EV 94.4 MPH)
Batting: RHB Kevin Polcovich 0-0: Swinging Strike
0-1: Ball
1-1: Foul Ball, location: 2F
1-2: Ground out 6-3 (Groundball, 6, EV 89.4 MPH)
Batting: RHB Shawn Gilbert 0-0: Swinging Strike
0-1: Ball
1-1: Fly out, F3 (Popup, 3F, EV 64.4 MPH)
Top of the 2nd over - 0 runs, 0 hits, 0 errors, 0 left on base; Danville 0 - Jacksonville 0
BOTTOM OF THE 2ND
Jacksonville Suns batting - Pitching for Danville Dairy Daddies : RHP Cal Eldred
Batting: RHB Angel Echevarria 0-0: Ball
1-0: Fly out, F9 (Flyball, 9LM, EV 75.0 MPH)
Batting: LHB Ryan McGuire 0-0: Called Strike
0-1: Ball
1-1: Ball
2-1: Foul Ball, location: 2F
2-2: SOLO HOME RUN (Flyball, 9D, EV 105.6 MPH), Distance : 363 ft
Batting: RHB Jeff Reboulet 0-0: Called Strike
0-1: Swinging Strike
0-2: Ball
1-2: Strikes out swinging
Batting: SHB Mandy Romero 0-0: Ball
1-0: DOUBLE (Flyball, 89D, EV 98.1 MPH)
Batting: RHB Jorge Velandia 0-0: Foul Ball, location: 2F
0-1: Ball
1-1: Foul Ball, location: 2F
1-2: Ball
2-2: Ball
3-2: Strikes out swinging
Bottom of the 2nd over - 1 run, 2 hits, 0 errors, 1 left on base; Danville 0 - Jacksonville 1
TOP OF THE 3RD
Danville Dairy Daddies batting - Pitching for Jacksonville Suns : RHP Ryan Bowen
Batting: RHB Takahiro Ikeyama 0-0: Swinging Strike
0-1: Called Strike
0-2: Fly out, F8 (Flyball, 8LM, EV 79.4 MPH)
Batting: SHB Joey Cora 0-0: Ball
1-0: Called Strike
1-1: Foul Ball, location: 2F
1-2: Ball
2-2: DOUBLE (Line Drive, 9LM, EV 105.0 MPH)
Batting: LHB Midre Cummings 0-0: Called Strike
Joey Cora is caught stealing 3rd base 2-5
0-1: Ball
1-1: Foul Ball, location: 2F
1-2: Foul Ball, location: 2F
1-2: Foul Ball, location: 2F
1-2: Foul Ball, location: 2F
1-2: Strikes out looking
Top of the 3rd over - 0 runs, 1 hit, 0 errors, 0 left on base; Danville 0 - Jacksonville 1
BOTTOM OF THE 3RD
Jacksonville Suns batting - Pitching for Danville Dairy Daddies : RHP Cal Eldred
Batting: RHB Damon Buford 0-0: Called Strike
0-1: Fly out, F9 (Flyball, 89M, EV 91.3 MPH)
Batting: RHB Chris Gomez 0-0: Ground out 6-3 (Groundball, 6, EV 80.6 MPH)
Batting: LHB Sean Casey 0-0: Swinging Strike
0-1: Ground out 6-3 (Groundball, 6, EV 76.3 MPH)
Bottom of the 3rd over - 0 runs, 0 hits, 0 errors, 0 left on base; Danville 0 - Jacksonville 1
TOP OF THE 4TH
Danville Dairy Daddies batting - Pitching for Jacksonville Suns : RHP Ryan Bowen
Batting: RHB Danny Tartabull 0-0: Ball
1-0: Swinging Strike
1-1: Ground out 6-3 (Groundball, 6, EV 83.1 MPH)
Batting: RHB Mike Blowers 0-0: Called Strike
0-1: Hit by Pitch
Batting: LHB Brant Brown 0-0: Foul Ball, location: 2F
0-1: Ball
1-1: Fly out, F2 (Popup, 2LF, EV 90.0 MPH)
Batting: RHB Mike Stanley 0-0: Ball
1-0: Swinging Strike
1-1: Ball
2-1: Foul Ball, location: 2F
2-2: Foul Ball, location: 2F
2-2: Ball
3-2: Base on Balls
Mike Blowers to second
Batting: RHB Kevin Polcovich 0-0: Called Strike
0-1: Fielders Choice at 2nd, 6-4 (Groundball, 6, EV 84.4 MPH)
Top of the 4th over - 0 runs, 0 hits, 0 errors, 2 left on base; Danville 0 - Jacksonville 1
BOTTOM OF THE 4TH
Jacksonville Suns batting - Pitching for Danville Dairy Daddies : RHP Cal Eldred
Batting: RHB Ozzie Timmons 0-0: Called Strike
0-1: Ball
1-1: Swinging Strike
1-2: Foul Ball, location: 2F
1-2: Foul Ball, location: 2F
1-2: Foul Ball, location: 2F
1-2: Ball
2-2: Ball
3-2: Base on Balls
Batting: RHB Angel Echevarria 0-0: Ball
1-0: Foul Ball, location: 2F
1-1: Called Strike
1-2: Ball
2-2: Ball
3-2: Foul Ball, location: 2F
3-2: Foul Ball, location: 2F
3-2: Strikes out swinging
Batting: LHB Ryan McGuire 0-0: Called Strike
Pickoff Throw to First - Out! 1-3
0-1: Foul Ball, location: 2F
0-2: Ball
1-2: Strikes out looking
Bottom of the 4th over - 0 runs, 0 hits, 0 errors, 0 left on base; Danville 0 - Jacksonville 1
TOP OF THE 5TH
Danville Dairy Daddies batting - Pitching for Jacksonville Suns : RHP Ryan Bowen
Batting: RHB Shawn Gilbert 0-0: Ball
1-0: Called Strike
1-1: Called Strike
1-2: Ball
2-2: Foul Ball, location: 2F
2-2: Strikes out swinging
Batting: RHB Takahiro Ikeyama 0-0: Ball
1-0: Called Strike
1-1: Foul Ball, location: 2F
1-2: Fly out, F9 (Flyball, 89S, EV 92.5 MPH)
Batting: SHB Joey Cora 0-0: Ball
1-0: Called Strike
1-1: Ball
2-1: Foul Ball, location: 2F
2-2: Foul Ball, location: 2F
2-2: Ground out 5-3 (Groundball, 56, EV 90.6 MPH)
Top of the 5th over - 0 runs, 0 hits, 0 errors, 0 left on base; Danville 0 - Jacksonville 1
BOTTOM OF THE 5TH
Jacksonville Suns batting - Pitching for Danville Dairy Daddies : RHP Cal Eldred
Batting: RHB Jeff Reboulet 0-0: Foul Ball, location: 2F
0-1: Called Strike
0-2: Foul Ball, location: 2F
0-2: Foul Ball, location: 2F
0-2: Ball
1-2: Ball
2-2: Ball
3-2: Foul Ball, location: 2F
3-2: Foul Ball, location: 2F
3-2: Foul Ball, location: 2F
3-2: Fly out, F8 (Flyball, 89D, EV 90.6 MPH)
Batting: SHB Mandy Romero 0-0: Swinging Strike
0-1: Ball
1-1: Ball
2-1: Foul Ball, location: 2F
2-2: Foul Ball, location: 2F
2-2: Strikes out looking
Batting: RHB Jorge Velandia 0-0: Ball
1-0: Ball
2-0: Foul Ball, location: 2F
2-1: Ground out 5-3 (Groundball, 5, EV 102.5 MPH)
Bottom of the 5th over - 0 runs, 0 hits, 0 errors, 0 left on base; Danville 0 - Jacksonville 1
TOP OF THE 6TH
Danville Dairy Daddies batting - Pitching for Jacksonville Suns : RHP Ryan Bowen
Batting: LHB Midre Cummings 0-0: Called Strike
0-1: Ball
1-1: Called Strike
1-2: Foul Ball, location: 2F
1-2: Strikes out looking
Batting: RHB Danny Tartabull 0-0: Foul Ball, location: 2F
0-1: Ground out 6-3 (Groundball, 6, EV 78.8 MPH)
Batting: RHB Mike Blowers 0-0: Ball
1-0: Foul Ball, location: 2F
1-1: Ground out 5-3 (Groundball, 56, EV 97.5 MPH)
Top of the 6th over - 0 runs, 0 hits, 0 errors, 0 left on base; Danville 0 - Jacksonville 1
BOTTOM OF THE 6TH
Jacksonville Suns batting - Pitching for Danville Dairy Daddies : RHP Cal Eldred
Batting: RHB Damon Buford 0-0: Ball
1-0: Ball
2-0: Called Strike
2-1: Fly out, F9 (Flyball, 9LS, EV 89.4 MPH)
Batting: RHB Chris Gomez 0-0: Ball
1-0: Foul Ball, location: 2F
1-1: Ball
2-1: Swinging Strike
2-2: Ground out 6-3 (Groundball, 6S, EV 63.8 MPH)
Batting: LHB Sean Casey 0-0: Ball
1-0: SINGLE (Groundball, 34D, EV 97.5 MPH)
Batting: RHB Ozzie Timmons 0-0: Called Strike
0-1: Called Strike
0-2: Fly out, F8 (Flyball, 8RD, EV 100.6 MPH)
Bottom of the 6th over - 0 runs, 1 hit, 0 errors, 1 left on base; Danville 0 - Jacksonville 1
TOP OF THE 7TH
Danville Dairy Daddies batting - Pitching for Jacksonville Suns : RHP Ryan Bowen
Batting: LHB Brant Brown 0-0: Fly out, F6 (Popup, 6D, EV 50.6 MPH)
Batting: RHB Mike Stanley 0-0: Foul Ball, location: 2F
0-1: Swinging Strike
0-2: Ball
1-2: Ball
2-2: Fly out, F9 (Flyball, 9D, EV 81.3 MPH)
Batting: RHB Kevin Polcovich 0-0: Called Strike
0-1: Swinging Strike
0-2: Ball
1-2: Ground out 6-3 (Groundball, 56, EV 98.1 MPH)
Top of the 7th over - 0 runs, 0 hits, 0 errors, 0 left on base; Danville 0 - Jacksonville 1
BOTTOM OF THE 7TH
Jacksonville Suns batting - Pitching for Danville Dairy Daddies : RHP Cal Eldred
Batting: RHB Angel Echevarria 0-0: Foul Ball, location: 2F
0-1: Ball
1-1: Called Strike
1-2: Strikes out looking
Batting: LHB Ryan McGuire 0-0: Swinging Strike
0-1: Called Strike
0-2: Ball
1-2: Ball
2-2: Ball
3-2: Base on Balls
Batting: RHB Jeff Reboulet 0-0: Ball
1-0: DOUBLE (Line Drive, 9LM, EV 100.0 MPH)
Ryan McGuire to third
Batting: SHB Mandy Romero 0-0: Intentional Walk
Batting: RHB Jorge Velandia 0-0: Called Strike
0-1: Foul Ball, location: 2F
0-2: Fly out, F8 (Line Drive, 8RD, EV 106.3 MPH)
Runner from 3rd tags up, SCORES, throw by CF
Jeff Reboulet to third
Batting: RHB Damon Buford 0-0: Fly out, F6 (Line Drive, 6, EV 67.5 MPH)
Bottom of the 7th over - 1 run, 1 hit, 0 errors, 2 left on base; Danville 0 - Jacksonville 2
TOP OF THE 8TH
Danville Dairy Daddies batting - Pitching for Jacksonville Suns : RHP Ryan Bowen
Batting: RHB Shawn Gilbert 0-0: Called Strike
0-1: Foul Ball, location: 2F
0-2: Ball
1-2: Ball
2-2: Ball
3-2: Strikes out swinging
Batting: RHB Takahiro Ikeyama 0-0: Fly out, F2 (Popup, 23F, EV 84.4 MPH)
Batting: SHB Joey Cora 0-0: Ball
1-0: Foul Ball, location: 2F
1-1: Swinging Strike
1-2: Foul Ball, location: 2F
1-2: Strikes out swinging
Top of the 8th over - 0 runs, 0 hits, 0 errors, 0 left on base; Danville 0 - Jacksonville 2
BOTTOM OF THE 8TH
Jacksonville Suns batting - Pitching for Danville Dairy Daddies : RHP Cal Eldred
Batting: RHB Chris Gomez 0-0: Ball
1-0: SINGLE (Line Drive, 9S, EV 112.5 MPH)
Batting: LHB Sean Casey 0-0: Called Strike
0-1: Swinging Strike
0-2: Foul Ball, location: 2F
0-2: Ball
1-2: Ball
2-2: Fly out, F7 (Flyball, 7LMF, EV 101.3 MPH)
Batting: RHB Ozzie Timmons 0-0: DOUBLE (Flyball, 8LXD, EV 93.8 MPH)
Chris Gomez to third
Batting: RHB Angel Echevarria 0-0: Ball
1-0: Fly out, F8 (Flyball, 8RS, EV 91.9 MPH)
Runner from 3rd tags up, SCORES, no throw by CF
Batting: LHB Ryan McGuire 0-0: Ball
1-0: Swinging Strike
1-1: Ball
2-1: Ball
3-1: Foul Ball, location: 2F
3-2: Ground out 1-3 (Groundball, 13S, EV 68.8 MPH)
Bottom of the 8th over - 1 run, 2 hits, 0 errors, 1 left on base; Danville 0 - Jacksonville 3
TOP OF THE 9TH
Danville Dairy Daddies batting - Pitching for Jacksonville Suns : RHP Ryan Bowen
Pitching: RHP Shayne Bennett
Now in LF: Rich Butler
Batting: LHB Midre Cummings 0-0: Called Strike
0-1: Ball
1-1: Ball
2-1: Called Strike
2-2: Foul Ball, location: 2F
2-2: Ground out 4-3 (Groundball, 4D, EV 105.0 MPH)
Batting: RHB Danny Tartabull 0-0: Ball
1-0: Foul Ball, location: 2F
1-1: Swinging Strike
1-2: Ball
2-2: Strikes out swinging
Batting: RHB Mike Blowers 0-0: Called Strike
0-1: Foul Ball, location: 2F
0-2: Strikes out swinging
Top of the 9th over - 0 runs, 0 hits, 0 errors, 0 left on base; Danville 0 - Jacksonville 3
Wednesday, March 4th, 2026 - OOTP Baseball 20.8 Build 74